 Dungeon Sprint DCSS version 0.19-a0-1493-gd0fcaa6 (webtiles) character file.

2356 poirepourri the Eclecticist (level 9, -5/45 HPs)
             Began as a Deep Elf Fire Elementalist on Sept 9, 2016.
             Was the Champion of Vehumet.
             Slain by a sixfirhy (12 damage)
             ... in the Dungeon (Sprint VII: "The Pits").
             The game lasted 00:05:53 (1706 turns).

poirepourri the Eclecticist (DEFE)                  Turns: 1706, Time: 00:05:54

Health: -5/45      AC:  4    Str:  5    XL:     9   Next: 20%
Magic:  33/33      EV: 16    Int: 27    God:    Vehumet [******]
Gold:   0          SH:  0    Dex: 18    Spells: 8 memorised, 16 levels left

rFire  . . .     SeeInvis .     t - +2 rapier (elec)
rCold  . . .     Gourm    .     a - +0 robe
rNeg   . . .     Faith    .     (no shield)
rPois  .         Spirit   .     u - +0 helmet
rElec  .         Dismiss  .     (no cloak)
rCorr  .         Reflect  .     v - +0 pair of gloves
MR     .....     Harm     .     (no boots)
Stlth  ++........ NoTele   +    (no amulet)
                                p - +3 ring of intelligence
                                q - +3 ring of dexterity

@: lethally poisoned (-5 -> -10)
A: no striking features
a: Renounce Religion


You were in the Dungeon.
You worshipped Vehumet.
Vehumet was exalted by your worship.
You were full.

You visited 1 branch

Inventory:

Hand Weapons
 m - a +1 dagger of electrocution
 t - a +2 rapier of electrocution (weapon)
Armour
 a - a +0 robe (worn)
 u - a +0 helmet (worn)
 v - a +0 pair of gloves (worn)
Jewellery
 p - a +3 ring of intelligence (right hand)
 q - a +3 ring of dexterity (left hand)
Scrolls
 k - 3 scrolls of remove curse
 l - 5 scrolls of amnesia
Potions
 d - 6 potions of curing
 e - 9 potions of heal wounds
 f - 2 potions of haste
 g - 3 potions of magic
 h - 3 potions of berserk rage
 j - 2 potions of invisibility
 r - 6 potions of agility
 s - a potion of might
Books
 b - a book of Flames

   Spells                             Type                      Level
   a - Flame Tongue                   Conjuration/Fire             1
   b - Throw Flame                    Conjuration/Fire             2
   c - Conjure Flame                  Conjuration/Fire             3
   d - Inner Flame                    Hexes/Fire                   3
   e - Sticky Flame                   Conjuration/Fire             4
   f - Fireball                       Conjuration/Fire             5
Comestibles
 c - 7 bread rations
 n - 40 fruits
 o - 6 meat rations


   Skills:
 + Level 5.3 Dodging
 - Level 2.4 Stealth
 * Level 18.0 Spellcasting
 + Level 8.3 Conjurations
 + Level 13.4 Fire Magic
 + Level 0.6 Air Magic
 + Level 0.9 Poison Magic


You had 16 spell levels left.
You knew the following spells:

 Your Spells              Type           Power        Failure   Level  Hunger
a - Flame Tongue          Conj/Fire      #####        1%          1    None
b - Throw Flame           Conj/Fire      ######       1%          2    None
c - Conjure Flame         Conj/Fire      ######..     1%          3    None
d - Inner Flame           Hex/Fire       ######..     1%          3    None
e - Sticky Flame          Conj/Fire      ######..     1%          4    None
f - Fireball              Conj/Fire      ######....   1%          5    None
g - Mephitic Cloud        Conj/Pois/Air  #####...     1%          3    None
h - Spellforged Servitor  Conj/Summ      #####.....   85%         7    #####..


Dungeon Overview and Level Annotations

Branches:
Dungeon (1/1)

Altars:
Ashenzari
Cheibriados
Dithmenos
Elyvilon
Fedhas
Gozag
Hepliaklqana
Kikubaaqudgha
Makhleb
Nemelex Xobeh
Okawaru
Qazlal
Ru
Sif Muna
Trog
Uskayaw
Vehumet
Xom
Yredelemnul
Zin
The Shining One
Beogh
Jiyva
Lugonu

Annotations:
D Rupert, Snorg


Message History

The killer bee closely misses you.
There is a huge open gate to the Grid Vault (Hard) here.
The killer bee stings you.
There is a huge open gate to the Grid Vault (Hard) here.
The sixfirhy hits you! The sixfirhy shocks you!
* * * LOW HITPOINT WARNING * * *
Snorg the Insatiable comes into view.
Casting: Sticky Flame
Confirm with . or Enter, or press ? or * to list all spells.
Aiming: Fireball
Press: ? - help, Shift-Dir - straight line
Okay, then.
The killer bee stings you.
* * * LOW HITPOINT WARNING * * *
You feel much better. The killer bee stings you.
You are poisoned.
The killer bee poisons you! The sixfirhy hits you!
* * * LOW HITPOINT WARNING * * *
The sixfirhy shocks you!
You die...

#@# .#########'######
#### .........T.......
___# .................
___# ########''#######
##'###########''######
)#.##...........a....#
)'.##......#..#y3....#
##.##...........@....+
....'................+
#####......#..#......#
...##................#
##'#####'#####''######
...##.......##''########
...##.......##......'..+
'####.......##...†..'..+
...##...<...##.....##Y.#


You could see Snorg, a sixfirhy, a soldier ant and a killer bee.

Vanquished Creatures
  A death yak (D)
  A flayed ghost (D)
  A redback (D)
  A basilisk (D)
  A hungry ghost (D)
  2 wargs (D)
  A giant eyeball (D)
  An orc warrior (D)
  A giant frog (D)
  A quasit (D)
  2 orc wizards (D)
  A hell rat (D)
  A worker ant (D)
  2 river rats (D)
  A white imp (D)
  2 ufetubi (D)
  An ooze (D)
  An adder zombie (D)
  A giant gecko (D)
  2 orcs (D)
  A bat (D)
  A bat skeleton (D)
  4 jackals (D)
  A giant gecko skeleton (D)
  A giant newt (D)
  2 rats (D)
35 creatures vanquished.

Vanquished Creatures (collateral kills)
  A vampire mosquito (D)
  An iron imp (D)
2 creatures vanquished.

Grand Total: 37 creatures vanquished

Notes
Turn   | Place    | Note
-------+----------+-------------------------------------------
     0 | D        | poirepourri the Deep Elf Fire Elementalist began the quest for the Orb.
     0 | D        | Reached XP level 1. HP: 10/10 MP: 6/6
    11 | D        | Noticed a giant eyeball
    18 | D        | Paralysed by a giant eyeball for 4 turns
    25 | D        | Killed a giant eyeball
    25 | D        | Reached skill level 8 in Spellcasting
    25 | D        | Reached XP level 2. HP: 15/15 MP: 2/13
    25 | D        | Reached XP level 3. HP: 19/19 MP: 2/14
    25 | D        | Reached XP level 4. HP: 24/24 MP: 2/16
   145 | D        | Found a radiant altar of Vehumet.
   145 | D        | Found a hide-covered altar of Uskayaw.
   145 | D        | Found an ancient bone altar of Kikubaaqudgha.
   145 | D        | Found a viscous altar of Jiyva.
   145 | D        | Found a hazy altar of Hepliaklqana.
   146 | D        | Found a bloodstained altar of Trog.
   146 | D        | Found a deep blue altar of Sif Muna.
   146 | D        | Found a sacrificial altar of Ru.
   146 | D        | Found a stormy altar of Qazlal.
   146 | D        | Found an iron altar of Okawaru.
   146 | D        | Found a sparkling altar of Nemelex Xobeh.
   146 | D        | Found an opulent altar of Gozag.
   146 | D        | Found a blossoming altar of Fedhas.
   146 | D        | Found a white marble altar of Elyvilon.
   146 | D        | Found a shadowy altar of Dithmenos.
   146 | D        | Found a snail-covered altar of Cheibriados.
   147 | D        | Found a glowing golden altar of the Shining One.
   147 | D        | Found a glowing silver altar of Zin.
   148 | D        | Found a burning altar of Makhleb.
   148 | D        | Found a basalt altar of Yredelemnul.
   148 | D        | Found a roughly hewn altar of Beogh.
   149 | D        | Found a corrupted altar of Lugonu.
   149 | D        | Found a shimmering altar of Xom.
   149 | D        | Found a shattered altar of Ashenzari.
   156 | D        | Became a worshipper of Vehumet
   166 | D        | Learned a level 2 spell: Throw Flame
   170 | D        | Learned a level 3 spell: Conjure Flame
   174 | D        | Learned a level 3 spell: Inner Flame
   179 | D        | Learned a level 4 spell: Sticky Flame
   302 | D        | Noticed a giant frog
   309 | D        | Killed a giant frog
   309 | D        | Reached skill level 9 in Spellcasting
   309 | D        | Reached XP level 5. HP: 20/28 MP: 12/19
   314 | D        | Reached * piety under Vehumet
   314 | D        | Offered knowledge of Sting by Vehumet.
   323 | D        | Learned a level 5 spell: Fireball
   381 | D        | Reached ** piety under Vehumet
   381 | D        | Reached skill level 10 in Spellcasting
   438 | D        | Noticed a vampire mosquito
   441 | D        | Killed a vampire mosquito
   441 | D        | Reached skill level 11 in Spellcasting
   441 | D        | Reached skill level 10 in Fire Magic
   441 | D        | Reached XP level 6. HP: 14/32 MP: 17/22
   669 | D        | Noticed a redback
   669 | D        | Noticed an orc warrior
   670 | D        | Offered knowledge of Freeze by Vehumet.
   670 | D        | Reached *** piety under Vehumet
   671 | D        | Reached **** piety under Vehumet
   672 | D        | Killed a redback
   672 | D        | Reached skill level 13 in Spellcasting
   675 | D        | Killed an orc warrior
   675 | D        | Reached skill level 5 in Conjurations
   675 | D        | Reached XP level 7. HP: 33/36 MP: 13/26
   815 | D        | Noticed a hungry ghost
   820 | D        | Killed a hungry ghost
   820 | D        | Offered knowledge of Searing Ray by Vehumet.
   820 | D        | Reached skill level 14 in Spellcasting
   840 | D        | Reached ***** piety under Vehumet
   966 | D        | Offered knowledge of Mephitic Cloud by Vehumet.
   973 | D        | Learned a level 3 spell: Mephitic Cloud
   979 | D        | Offered knowledge of Venom Bolt by Vehumet.
   997 | D        | Reached ****** piety under Vehumet
  1094 | D        | Noticed a flayed ghost
  1112 | D        | Killed a flayed ghost
  1112 | D        | Offered knowledge of Spellforged Servitor by Vehumet.
  1112 | D        | Reached skill level 16 in Spellcasting
  1112 | D        | Reached XP level 8. HP: 41/41 MP: 9/30
  1121 | D        | Learned a level 7 spell: Spellforged Servitor
  1258 | D        | Noticed a death yak
  1563 | D        | Killed a death yak
  1563 | D        | Reached skill level 5 in Dodging
  1563 | D        | Reached skill level 18 in Spellcasting
  1563 | D        | Reached XP level 9. HP: 45/45 MP: 7/33
  1700 | D        | Noticed Rupert
  1701 | D        | Noticed a sixfirhy
  1704 | D        | Noticed Snorg
  1706 | D        | Slain by a sixfirhy

Vault maps used:
D:        pitsprint

Skill      XL: |  1  2  3  4  5  6  7  8 |
---------------+-------------------------+-----
Spellcasting   | 8 9 11 13 16 18 | 18.0
Fire Magic     | 8 9 10 11 12 13 | 13.4
Conjurations   | 2 3 5 6 8 |  8.3
Dodging        | 4 5 |  5.3
Stealth        | |  2.4
Air Magic      | |  0.6
Poison Magic   | |  0.9

Action                   |  1- 3 |  4- 6 |  7- 9 || total
-------------------------+-------+-------+-------++-------
Melee: Rapier            |       |       |     1 ||     1
 Cast: Flame Tongue      |     3 |    11 |     6 ||    20
       Throw Flame       |       |    10 |    19 ||    29
       Fireball          |       |     3 |    15 ||    18
       Sticky Flame      |       |       |     8 ||     8
       Conjure Flame     |       |       |     5 ||     5
       Mephitic Cloud    |       |       |     2 ||     2
  Use: Scroll            |       |     1 |     1 ||     2
       Potion            |       |       |     4 ||     4
  Eat: Meat ration       |       |       |     1 ||     1
       Bread ration      |       |       |     1 ||     1
Armor: Robe              |       |     1 |     6 ||     7
Dodge: Dodged            |       |     7 |    26 ||    33
